 Dungeon Crawl Stone Soup version 0.31-a0-1581-g41d5ff3e7b (webtiles) character file.

Game seed: 11043814844957144392

226066 Gargoyl the Warrior (level 19, -11/204 HPs)
             Began as a Gargoyle Berserker on Jan 5, 2024.
             Was an Elder of Trog.
             Killed from afar by a lindwurm (15 damage)
             ... with a blast of flame
             ... on level 2 of the Vaults.
             The game lasted 00:50:56 (34086 turns).

Gargoyl the Warrior (Gargoyle Berserker)           Turns: 34086, Time: 00:50:56

Health: -11/204    AC: 44    Str: 24    XL:     19   Next: 34%
Magic:  28/28      EV: 18    Int:  9    God:    Trog [****..]
Gold:   2068       SH:  5    Dex: 18    Spells: 18/18 levels left

rFire   . . .        a - +9 hand axe (elec)
rCold   . . .        (no shield)
rNeg    + . .        K - +4 scale mail {Will+}
rPois   ∞            G - +2 helmet {SInv}
rElec   +            b - +2 cloak
rCorr   +            n - +0 pair of gloves
SInv    +            F - +2 pair of boots {Stlth+}
Will    ++++.        v - amulet of reflection Stlth
                     m - ring of resist corrosion
HPRegen 1.54/turn    H - ring of the Invisible Hand {^Drain MP+9 AC+4 Dex+5}
MPRegen 0.21/turn

%: reflection
@: berserking, strong-willed, flying, regenerating, studying Fighting, very
quick
A: sickness immunity, AC +14, big wings, negative energy resistance 1,
electricity resistance, torment resistance 1, petrification resistance, claws 1,
talons 1, sense surroundings 1
}: 1/15 runes: serpentine
a: Renounce Religion, Berserk, Trog's Hand, Brothers in Arms


You were on level 2 of the Vaults.
You worshipped Trog.
Trog was greatly pleased with you.
You visited 5 branches of the dungeon, and saw 28 of its levels.
You visited the Abyss 1 time.
You also visited: Bailey.

You collected 3159 gold pieces.
You spent 1091 gold pieces at shops.

Inventory:

Hand Weapons
 a - a +9 hand axe of electrocution (weapon)
 r - a +2 flail of draining
 N - a +4 vampiric broad axe
 V - a +4 war axe of freezing
Missiles
 s - 49 poisoned darts
 z - a throwing net
 S - 15 curare-tipped darts (quivered)
Armour
 b - a +2 cloak (worn)
 n - a +0 pair of gloves (worn)
 F - a +2 pair of boots of stealth (worn)
 G - a +2 helmet of see invisible (worn)
 K - a +4 scale mail of willpower (worn)
Jewellery
 h - an amulet of the acrobat
 m - a ring of resist corrosion (left hand)
 v - an amulet of reflection (around neck)
 H - the ring of the Invisible Hand (right hand) {^Drain MP+9 AC+4 Dex+5}
   (You found it on level 9 of the Dungeon)

   [ring of protection]

   AC+4:      It affects your AC (+4).
   Dex+5:     It affects your dexterity (+5).
   MP+9:      It affects your magic capacity (+9).
   ^Drain:    It drains your maximum health when unequipped.
 O - the ring "Qiethruon" {rElec rF+ rCorr Int+4 Dex+6}
   (You found it on level 1 of the Vaults)

   [ring of dexterity]

   Int+4:     It affects your intelligence (+4).
   Dex+6:     It affects your dexterity (+6).
   rF+:       It protects you from fire.
   rElec:     It insulates you from electricity.
   rCorr:     It protects you from acid and corrosion.
 P - a +5 ring of evasion
 R - a ring of magical power
 T - the macabre finger necklace {Finger+ rN+}
   (You found it on level 2 of the Vaults)

   [amulet of nothing]

   Finger+:   It enables you to equip an extra ring.
   rN+:       It protects you from negative energy.
Wands
 t - a wand of paralysis (31)
 y - a wand of digging (12)
 A - a wand of flame (45)
 M - a wand of iceblast (7)
 W - a wand of polymorph (4)
Scrolls
 e - 5 scrolls of teleportation
 f - 5 scrolls of poison
 j - a scroll of silence
 p - a scroll of immolation
 u - 5 scrolls of fog
 w - 3 scrolls of blinking
 D - 12 scrolls of identify
 J - 2 scrolls of fear
 Q - 3 scrolls of revelation
 U - 2 scrolls of vulnerability
 X - a scroll of enchant armour
Potions
 c - 3 potions of lignification
 d - a potion of attraction
 g - 3 potions of curing
 i - 7 potions of degeneration
 k - 5 potions of haste
 l - 6 potions of enlightenment
 o - 4 potions of cancellation
 q - a potion of invisibility
 x - 2 potions of berserk rage
 B - a potion of ambrosia
 C - 2 potions of resistance
 E - 3 potions of might
 I - a potion of magic
 L - a potion of mutation


   Skills:
 + Level 20.6 Fighting
 + Level 18.4(18.6) Axes
 + Level 4.6(13.8) Maces & Flails
 + Level 1.4 Throwing
 + Level 13.1 Armour
 + Level 12.8 Dodging
 + Level 12.9 Stealth
 + Level 7.9 Shields
 + Level 1.7 Evocations


You had 18 spell levels left.
You didn't know any spells.
Your spell library was empty.

Dungeon Overview and Level Annotations

Branches:
Dungeon (15/15)            Temple (0/1) D:4            Lair (5/5) D:11
  Swamp (0/4) Lair:2        Snake (4/4) Lair:3        Slime (0/5) Lair:5
    Orc (2/2) D:11            Elf (0/3) Orc:2        Vaults (2/5) D:14
 Depths (0/4) D:15         Bailey (visited)
  Crypt: Vaults:2-3

Altars:
Ashenzari
Cheibriados
Fedhas
Makhleb
Qazlal
Ru
Sif Muna
Xom
Yredelemnul
Jiyva

Shops:
D:7 !   D:11 (   D:12 !   Orc:2 =[?=   Snake:1 (*   Snake:3 (==[   Vaults:1 =


Innate Abilities, Weirdness & Mutations

You are immune to sickness and miasma.
Your stone body is resilient. (AC +14)
You are immune to poison.
Your large and strong wings let you fly.
You resist negative energy. (rN+)
You are resistant to electric shocks. (rElec)
You are resistant to unholy torment.
You are immune to petrification.
You have sharp fingernails.
You have sharp toenails.
You passively map a small area around you.


Message History

You slice the peacekeeper!!
You destroy the peacekeeper!
Trog accepts your kill.
You slash the war gargoyle!
You hear a roar!
You hit the crystal guardian.
The crystal guardian is almost destroyed.
You hit the war gargoyle but do no damage.
The war gargoyle hits you with a +0 great mace!!
* * * LOW HITPOINT WARNING * * *
The crystal guardian fires a crystalline bolt at you.
The crystal bolt freezes you!!
* * * LOW HITPOINT WARNING * * *
The crystal bolt misses you.
The crystal bolt freezes the crystal guardian.
The crystal guardian completely resists.
You hit the crystal guardian but do no damage.
The crystal guardian is almost destroyed.
You slash the lindwurm! Lightning courses through the lindwurm!
You hit the war gargoyle. You block the war gargoyle's attack.
You slash the crystal guardian!
You destroy the crystal guardian!
Trog accepts your kill.
You slash the lindwurm!
You hit the war gargoyle but do no damage.
You slice the lindwurm!!
You kill the lindwurm!
Trog accepts your kill.
You completely miss the war gargoyle.
A lindwurm comes into view.
You block the war gargoyle's attack.
Unknown command.
You hit the war gargoyle.
The war gargoyle is heavily damaged.
You hit the war gargoyle.
The war gargoyle is severely damaged.
The war gargoyle completely misses you. The lindwurm breathes flames at you.
The blast of flame hits you!
You die...

....#....#........#......#..#.#.#
....'....#........#......#..##.#.
....#....#........#......#..###.#
....#....#........#......#.......
....'....#........#......#.......
'####....#........#......#######'
.........#........#..............
.......#########'######..........
#####..# ..$....@.....#...#######
### #..# ........9....#...# #....
..# #..# .####..####..#...# #....
..# #..# , +..+ k#...# #.... ..#
#..# ,#.. , ,#...# #.... ..#
#..#, * #.. #...# #.... ..# #..#
, ... ,, ,#...# #.... ..# #..#
.... , #...# #.... ..# #..# ,
#...# #....


You could see a war gargoyle (strong) and a lindwurm (catching breath).

Vanquished Creatures
  Vashnia (Snake:2)
  Donald (Snake:2)
  The ghost of TheViccler the Carver, an adept DsFi of Cheibriados (Snake:4)
  A nagaraja (Snake:3)
  2 vault wardens
  A formless jellyfish (Vaults:1)
  4 ironbound preservers
  A stone giant (Orc:2)
  4 ironbound thunderhulks
  5 dire elephants
  A crystal guardian (Vaults:2)
  2 yaktaur captains
  An ettin (Vaults:1)
  Harold (Orc:1)
  3 hydras
  3 vault guards (D:14)
  A peacekeeper (Vaults:2)
  Erolcha (Orc:1)
  8 centaur warriors
  3 salamander tyrants
  7 ironbound frosthearts
  3 ogre magi
  A great orb of eyes (Vaults:2)
  A catoblepas (Lair:5)
  18 anacondas
  4 death yaks (Lair:5)
  7 boulder beetles
  A deep troll shaman (Lair:5)
  11 naga warriors
  13 two-headed ogres
  An orc high priest (Orc:2)
  Urug (Lair:5)
  18 naga sharpshooters
  6 shock serpents
  Sonja (Orc:1)
  A skyshark (Lair:3)
  A storm dragon skeleton (D:15)
  3 skeletal warriors (D:15)
  5 salamander mystics
  21 mana vipers
  14 deep trolls
  8 naga ritualists
  10 arcanists
  A flayed ghost (D:15)
  3 harpies (Vaults:2)
  4 ironbound convokers (Vaults:2)
  2 orc knights
  A deep elf pyromancer (D:14)
  4 necromancers
  10 lindwurms
  A tengu skeleton (Vaults:1)
  13 ugly things
  15 salamanders
  5 cyclopes
  A manticore (D:12)
  12 elephants
  6 vault sentinels
  7 guardian serpents (Snake:4)
  3 kobold blastminers
  7 torpor snails
  19 naga magi
  39 black mambas
  11 cane toads
  A rime drake (Lair:3)
  A kobold demonologist (D:11)
  12 yaktaurs
  2 gargoyles
  4 tengu conjurers
  3 unseen horrors (D:12)
  10 komodo dragons
  A freezing wraith (D:14)
  13 trolls
  A polar bear (shapeshifter) (D:14)
  7 polar bears
  Grinder (D:5)
  A hornet (shapeshifter) (D:15)
  Prince Ribbit (Lair:2)
  7 blink frogs
  7 dream sheep
  17 slime creatures
  A spriggan skeleton (D:15)
  2 shadows
  A jumping spider (shapeshifter) (D:14)
  5 basilisks
  A vampire (Bailey)
  13 wyverns
  17 humans (D:14)
  43 yaks
  A wraith (D:14)
  A human (shapeshifter) (D:13)
  14 vampire mosquitoes
  A steam dragon (D:6)
  4 wargs
  A yaktaur simulacrum (Vaults:1)
  2 swamp worms (Lair:2)
  41 nagas
  An ogre zombie (Vaults:1)
  9 water moccasins
  A swamp drake (D:11)
  3 black bears
  An ice beast (D:6)
  5 sky beasts
  23 orc warriors
  13 wolves
  20 ogres
  4 centaurs
  7 kobold brigands
  3 phantoms
  8 bullfrogs
  4 scorpions
  10 wights
  5 killer bees (D:10)
  7 vampire bats (Bailey)
  6 electric eels (D:11)
  7 howler monkeys
  5 wolf zombies (Bailey)
  2 bombardier beetles
  9 jellies
  4 hounds (D:5)
  A gnoll bouda (D:8)
  15 orc priests
  3 iguanas
  3 sleepcaps
  22 orc wizards
  7 adders
  10 gnolls
  2 shadow imps
  13 white imps
  3 dart slugs
  2 ribbon worms
  63 orcs
  2 ball pythons (D:4)
  5 bats
  7 endoplasms
  3 giant cockroaches
  8 goblins
  8 hobgoblins
  8 jackals
  4 quokkas
  2 frilled lizards
  15 kobolds
  20 orc zombies (Bailey)
  5 rats
990 creatures vanquished.

Vanquished Creatures (collateral kills)
  A dire elephant (Vaults:1)
  The ghost of koorschki the Cleaver, a journeyman DsFi of Kikubaaqudgha (Orc:1)
  The ghost of capka3m the Grappler, a journeyman TrMo of the Shining One (Lair:1)
  The ghost of antlorb the Carver, a journeyman DsGl of Okawaru (D:10)
  2 hydras
  An anaconda (Snake:4)
  3 two-headed ogres (D:15)
  2 dancing weapons
  2 death yaks (Lair:5)
  4 naga sharpshooters
  3 deep trolls (Vaults:1)
  2 mana vipers (Snake:4)
  A deep elf pyromancer (D:15)
  An ugly thing (D:10)
  A salamander (Snake:4)
  3 meliai (D:15)
  3 elephants (Lair:3)
  A black mamba (Snake:4)
  2 guardian serpents (Snake:4)
  A naga (Snake:4)
  An acid dragon (D:10)
  An orc (D:10)
38 creatures vanquished.

Vanquished Creatures (others)
  A deep troll (Vaults:2)
  A salamander (Snake:4)
  A tengu conjurer (D:15)
  A naga (Snake:4)
  A phantom (D:6)
5 creatures vanquished.

Grand Total: 1033 creatures vanquished

Notes
Turn   | Place    | Note
-------+----------+-------------------------------------------
     0 | D:1      | Gargoyl the Gargoyle Berserker began the quest for the Orb.
     0 | D:1      | Reached XP level 1. HP: 14/14 MP: 1/1
   112 | D:1      | Reached XP level 2. HP: 19/19 MP: 2/2
   938 | D:2      | Reached XP level 3. HP: 21/24 MP: 3/3
  1039 | D:2      | Found a sacrificial altar of Ru.
  1149 | D:2      | Reached ** piety under Trog
  1252 | D:2      | Reached XP level 4. HP: 28/29 MP: 4/4
  1270 | D:2      | Identified a scroll of acquirement
  1270 | D:2      | Acquired an amulet of the acrobat
  2074 | D:3      | Reached XP level 5. HP: 31/33 MP: 5/5
  2489 | D:4      | Reached skill level 4 in Fighting
  2909 | D:4      | Reached XP level 6. HP: 34/38 MP: 6/6
  2931 | D:4      | Reached skill level 5 in Axes
  2933 | D:4      | Reached *** piety under Trog
  3023 | D:4      | Found a broken altar of Ashenzari.
  3027 | D:4      | Found a staircase to the Ecumenical Temple.
  3028 | D:4      | Found a basalt altar of Yredelemnul.
  3028 | D:4      | Found a burning altar of Makhleb.
  3312 | D:4      | Reached XP level 7. HP: 44/44 MP: 7/7
  3747 | D:5      | Entered Level 5 of the Dungeon
  3813 | D:5      | Found a stormy altar of Qazlal.
  3848 | D:5      | Reached skill level 5 in Fighting
  4047 | D:5      | Reached skill level 1 in Stealth
  4325 | D:5      | Reached XP level 8. HP: 47/49 MP: 8/8
  4348 | D:5      | Noticed Grinder
  4362 | D:5      | Killed Grinder
  4873 | D:6      | Reached skill level 6 in Fighting
  4873 | D:6      | Reached skill level 5 in Armour
  4909 | D:6      | Reached XP level 9. HP: 55/55 MP: 9/9
  4985 | D:6      | Reached **** piety under Trog
  5003 | D:6      | Identified the +4 mace "Wups" {heavy, ^Fragile rC++}
  5685 | D:7      | Found Tocsusoc's Distillery.
  5885 | D:7      | Reached skill level 7 in Fighting
  5892 | D:7      | Reached skill level 10 in Axes
  5985 | D:7      | Reached XP level 10. HP: 55/63 MP: 10/10
  6563 | D:8      | Reached skill level 8 in Fighting
  6599 | D:8      | Noticed a boulder beetle
  6658 | D:8      | Killed a boulder beetle
  6742 | D:8      | Noticed an eight-headed hydra
  6753 | D:8      | Killed a 13-headed hydra
  7207 | D:9      | Reached XP level 11. HP: 51/69 MP: 11/11
  7431 | D:9      | Identified the ring of the Invisible Hand {^Drain MP+9 AC+4
                  | Dex+5}
  7665 | D:9      | Found a blossoming altar of Fedhas.
  7683 | D:9      | Noticed a two-headed ogre
  7686 | D:9      | Killed a two-headed ogre
  7763 | D:9      | Found a flagged portal.
  7791 | Bailey   | Entered a bailey
  7903 | Bailey   | Reached ***** piety under Trog
  8232 | Bailey   | Identified the +1 chain mail of Tanoab {rPois rF- rN+
                  | Str+3}
  8538 | D:9      | Found a shimmering blue altar of Sif Muna.
  8725 | D:10     | Entered Level 10 of the Dungeon
  9076 | D:10     | Noticed a two-headed ogre
  9077 | D:10     | Gained mutation: Your spells are a little easier to cast,
                  | but a little less powerful. [potion of mutation]
  9077 | D:10     | Gained mutation: You are partially covered in iridescent
                  | scales. (AC +2) [potion of mutation]
  9084 | D:10     | Killed a two-headed ogre
  9085 | D:10     | Noticed a purple ugly thing
  9094 | D:10     | Killed a purple ugly thing
  9095 | D:10     | Reached skill level 9 in Fighting
  9295 | D:10     | Found a runed translucent gate.
  9295 | D:10     | Found a runed translucent gate.
  9295 | D:10     | Found a runed translucent gate.
  9296 | D:10     | Noticed a ten-headed hydra
  9299 | D:10     | Noticed antlorb's ghost (journeyman DsGl)
  9390 | D:10     | Noticed an 11-headed hydra
  9629 | D:10     | Noticed a two-headed ogre
  9645 | D:10     | Killed a two-headed ogre
  9646 | D:10     | Reached skill level 1 in Evocations
  9650 | D:10     | Reached skill level 5 in Dodging
  9843 | D:10     | Killed an 11-headed hydra
  9844 | D:10     | Reached XP level 12. HP: 76/76 MP: 12/12
  9847 | D:10     | Killed antlorb's ghost
  9848 | D:10     | Killed a ten-headed hydra
  9853 | D:10     | Identified the +2 long sword "Leic" {protect, rC+ Will+
                  | rCorr Str+3}
  9916 | D:11     | Noticed a boulder beetle
  9939 | D:11     | Killed a boulder beetle
  9940 | D:11     | Reached skill level 1 in Maces & Flails
 10244 | D:11     | Found Koalurau's Weapon Shop.
 10588 | D:11     | Found a staircase to the Orcish Mines.
 10892 | D:11     | Reached skill level 5 in Stealth
 11018 | D:11     | Found a staircase to the Lair.
 11097 | D:11     | Reached skill level 10 in Fighting
 11174 | D:11     | Noticed a centaur warrior
 11198 | D:11     | Killed a centaur warrior
 11607 | Lair:1   | Entered Level 1 of the Lair of Beasts
 11622 | Lair:1   | You fall into a shaft and drop 1 floor!
 11647 | Lair:1   | Found a runed translucent door.
 11647 | Lair:1   | Found a shimmering altar of Xom.
 11647 | Lair:1   | Noticed capka3m's ghost (journeyman TrMo)
 11656 | Lair:1   | Paralysed by a +2 broad axe of chaos for 1 turns
 11662 | Lair:1   | Killed capka3m's ghost
 11969 | Lair:1   | Reached skill level 1 in Throwing
 11985 | Lair:1   | Noticed a boulder beetle
 11992 | Lair:1   | Reached XP level 13. HP: 83/83 MP: 13/13
 12636 | Lair:2   | Noticed Prince Ribbit
 12649 | Lair:2   | Killed Prince Ribbit
 12923 | Lair:2   | Reached skill level 11 in Fighting
 13404 | Lair:2   | Found a staircase to the Swamp.
 13719 | Lair:3   | Found a staircase to the Snake Pit.
 14343 | Lair:3   | Gained mutation: Your large and strong wings let you fly.
                  | [Gargoyle growth]
 14343 | Lair:3   | Reached XP level 14. HP: 91/91 MP: 14/14
 14350 | Lair:3   | Found a snail-covered altar of Cheibriados.
 15262 | Lair:4   | Reached skill level 12 in Fighting
 15750 | Lair:5   | Entered Level 5 of the Lair of Beasts
 16141 | Lair:5   | Found a viscous altar of Jiyva.
 16149 | Lair:5   | Found a staircase to the Slime Pits.
 16256 | Lair:5   | Noticed Urug
 16280 | Lair:5   | Killed Urug
 16676 | Lair:5   | Noticed a dire elephant
 16689 | Lair:5   | Reached skill level 15 in Axes
 16694 | Lair:5   | Killed a dire elephant
 16695 | Lair:5   | Reached skill level 10 in Stealth
 16899 | Lair:5   | Identified the +0 chain mail of the Original Sin {rElec rC-
                  | Int+3}
 17179 | D:11     | You are sucked into a shaft and drop 1 floor!
 17179 | D:12     | Found Ifoquc's Distillery.
 17182 | D:12     | Bought a potion of heal wounds for 65 gold pieces
 17182 | D:12     | Bought 2 potions of heal wounds for 130 gold pieces
 17451 | D:12     | Reached skill level 13 in Fighting
 17601 | D:12     | Found the +7 mace of Variability {chaos, chaos arc}
 17998 | D:13     | Reached XP level 15. HP: 98/98 MP: 15/15
 17998 | D:13     | Lost mutation: Your spells are a little easier to cast, but
                  | a little less powerful. [potion of mutation]
 17998 | D:13     | Lost mutation: You are partially covered in iridescent
                  | scales. (AC +2) [potion of mutation]
 17998 | D:13     | Gained mutation: You occasionally shout uncontrollably at
                  | your foes. [potion of mutation]
 17998 | D:13     | Gained mutation: Your spells are a little harder to cast,
                  | but a little more powerful. [potion of mutation]
 17998 | D:13     | Gained mutation: You are covered in fur. (AC +1) [potion of
                  | mutation]
 17998 | D:13     | Gained mutation: You are agile. (Dex +4, Str/Int -1)
                  | [potion of mutation]
 18058 | D:13     | Reached skill level 10 in Dodging
 18556 | D:14     | Found a gate to the Vaults.
 18663 | D:14     | Found a broken altar of Ashenzari.
 19141 | D:15     | Entered Level 15 of the Dungeon
 19154 | D:15     | Found a staircase to the Depths.
 19159 | D:15     | Reached skill level 14 in Fighting
 19384 | D:15     | Identified the +1 leather armour of the Devil's Team {Will+
                  | Str+2}
 20278 | Orc:1    | Entered Level 1 of the Orcish Mines
 20396 | Orc:1    | Found a runed translucent door.
 20397 | Orc:1    | Found a shimmering altar of Xom.
 20397 | Orc:1    | Noticed koorschki's ghost (journeyman DsFi)
 20397 | Orc:1    | Noticed Erolcha
 20414 | Orc:1    | Killed Erolcha
 20444 | Orc:1    | Noticed Sonja
 20451 | Orc:1    | Killed Sonja
 20481 | Orc:1    | Killed koorschki's ghost
 20809 | Orc:1    | Noticed Harold
 20818 | Orc:1    | Killed Harold
 21302 | Orc:2    | Entered Level 2 of the Orcish Mines
 21302 | Orc:2    | Found a staircase to the Elven Halls.
 21315 | Orc:2    | Reached XP level 16. HP: 107/107 MP: 16/16
 21430 | Orc:2    | Found Xahanouge's Magic Scroll Shop.
 21435 | Orc:2    | Found Fehaoth's Jewellery Boutique.
 21466 | Orc:2    | Reached skill level 15 in Fighting
 21487 | Orc:2    | Reached skill level 10 in Armour
 21572 | Orc:2    | Found Ewoti's Antique Armour Shoppe.
 21574 | Orc:2    | Bought a scroll of teleportation for 39 gold pieces
 21574 | Orc:2    | Bought a scroll of enchant armour for 97 gold pieces
 21585 | Orc:2    | Bought an amulet of reflection for 330 gold pieces
 21604 | Orc:2    | Found Mioforur's Jewellery Boutique.
 22435 | Snake:1  | Entered Level 1 of the Snake Pit
 22460 | Snake:1  | Found Nifref's Assorted Antiques.
 22464 | Snake:1  | Found Keziar's Antique Weapon Shoppe.
 22468 | Snake:1  | Bought a scroll of teleportation for 123 gold pieces
 22468 | Snake:1  | Bought a shiny helmet for 307 gold pieces
 22718 | Snake:1  | Reached skill level 1 in Shields
 22808 | Snake:1  | Reached ****** piety under Trog
 22808 | Snake:1  | Received a gift from Trog
 23739 | Snake:2  | Noticed Donald
 23756 | Snake:2  | Killed Donald
 24159 | Snake:2  | Noticed Vashnia
 24366 | Snake:2  | Killed Vashnia
 24712 | Snake:2  | Reached XP level 17. HP: 84/115 MP: 17/17
 25236 | Snake:3  | Acquired a manual of Fighting
 25268 | Snake:3  | Reached skill level 16 in Fighting
 26802 | Snake:3  | Found Ilanev's Antique Armour Shoppe.
 26802 | Snake:3  | Found Useben's Weapon Emporium.
 26803 | Snake:3  | Found Deitrop's Jewellery Emporium.
 26807 | Snake:3  | Found Gaakk's Jewellery Shoppe.
 27454 | Snake:4  | Entered Level 4 of the Snake Pit
 27492 | Snake:4  | Reached skill level 17 in Fighting
 27594 | Snake:4  | Received a gift from Trog
 27844 | Snake:4  | Found Sonuz's CLEARANCE SALE!.
 27873 | Snake:4  | Reached skill level 5 in Shields
 28047 | Snake:4  | Found a runed translucent door.
 29019 | Snake:4  | Reached XP level 18. HP: 101/124 MP: 18/18
 29021 | Snake:4  | Reached skill level 18 in Fighting
 29032 | Snake:4  | HP: 5/125 [salamander tyrant (28)]
 29289 | Snake:4  | Noticed TheViccler's ghost (adept DsFi)
 29799 | Snake:4  | Received a gift from Trog
 29907 | Snake:4  | Got a serpentine rune of Zot
 30067 | Abyss:3  | Cast into level 3 of the Abyss (TheViccler's ghost)
 30140 | Snake:4  | Escaped the Abyss
 30158 | Snake:4  | Killed TheViccler's ghost
 30388 | Snake:4  | Identified the +5 short sword of Roofyaz {pain, +Blink}
 30684 | Vaults:1 | Entered Level 1 of the Vaults
 30728 | Vaults:1 | Identified the ring "Qiethruon" {rElec rF+ rCorr Int+4
                  | Dex+6}
 30846 | Vaults:1 | Reached skill level 19 in Fighting
 31652 | Vaults:1 | Found Yrri Mamo's Jewellery Boutique.
 32568 | Vaults:1 | Reached XP level 19. HP: 90/134 MP: 19/19
 32571 | Vaults:1 | Reached skill level 20 in Fighting
 32795 | Vaults:2 | Received a gift from Trog
 32813 | Vaults:2 | Lost mutation: You are agile. (Dex +4, Str/Int -1) [potion
                  | of mutation]
 32813 | Vaults:2 | Lost mutation: Your spells are a little harder to cast, but
                  | a little more powerful. [potion of mutation]
 32813 | Vaults:2 | Lost mutation: You are covered in fur. (AC +1) [potion of
                  | mutation]
 32813 | Vaults:2 | Gained mutation: Your mind is acute. (Int +4, Str/Dex -1)
                  | [potion of mutation]
 32813 | Vaults:2 | Gained mutation: You have an increased reservoir of magic.
                  | (+10% MP) [potion of mutation]
 32814 | Vaults:2 | Lost mutation: Your mind is acute. (Int +4, Str/Dex -1)
                  | [potion of mutation]
 32814 | Vaults:2 | Lost mutation: You occasionally shout uncontrollably at
                  | your foes. [potion of mutation]
 32814 | Vaults:2 | Lost mutation: You have an increased reservoir of magic.
                  | (+10% MP) [potion of mutation]
 32814 | Vaults:2 | Gained mutation: You sometimes lose your temper in combat.
                  | [potion of mutation]
 32815 | Vaults:2 | Lost mutation: You sometimes lose your temper in combat.
                  | [potion of mutation]
 32815 | Vaults:2 | Gained mutation: You are strong-willed. (Will+) [potion of
                  | mutation]
 32816 | Vaults:2 | Lost mutation: You are strong-willed. (Will+) [potion of
                  | mutation]
 32816 | Vaults:2 | Gained mutation: You passively map a small area around you.
                  | [potion of mutation]
 32816 | Vaults:2 | Gained mutation: You have sharp toenails. [potion of
                  | mutation]
 32816 | Vaults:2 | Gained mutation: You have sharp fingernails. [potion of
                  | mutation]
 33064 | Vaults:2 | Found the macabre finger necklace {Finger+ rN+}
 33097 | Vaults:2 | HP: 7/202 [dire elephant (24)]
 34081 | Vaults:2 | HP: 1/204 [crystal guardian/crystal bolt[a peacekeeper]
                  | (26)]
 34086 | Vaults:2 | Killed from afar by a lindwurm

Illustrated notes

Levels and vault maps discovered:
D:1:      dpeg_arrival_leaves_temple_mockup, layout_loops_ring
D:2:      layout_basic, basic_altar
D:3:      layout_loops_ring
D:4:      layout_basic, grunt_temple_overflow_open,
          minmay_temple_entry_proselytizer
D:5:      layout_gridville, mainiacjoe_overflow_six_doors_small, uniq_grinder
D:6:      layout_gridville, kennysheep_path_1, grunt_ministairs_10, st_stairs_3,
          blue_anna_alchemist, minmay_misc_feat_alley, minmay_bent
D:7:      layout_cave_pools, nicolae_take_the_stairs, chequers_jeans
D:8:      layout_cave_pools, minmay_misc_feat_ornament, minmay_diamond_spiral
D:9:      layout_small_grid, mainiacjoe_overflow_surrounded_room, tgw_sif,
          enter_bailey_5
D:10:     layout_layer_cave, gammafunk_ghost_hydra_chop,
          kennysheep_generic_room_6
D:11:     layout_long_grid, erik_lair_dragon, erik_orc_2, serial_shops,
          nicolae_shop_bloodbath_and_beyond
D:12:     layout_cave_pools, serial_shops, nicolae_shop_statue_plus,
          portal_ice_cave_entry_imps, hangedman_decor_diamond_cutter,
          chequers_decorated_corner
D:13:     layout_cave_pools
D:14:     layout_rooms, grunt_vaults_entry_tiered, evilmike_ruin_ashenzari
D:15:     gammafunk_depths_entry_grave, layout_small_grid, skrybe_limestone_x,
          nicolae_two_hexagons
Lair:1:   layout_cave_pods, ebering_ghost_xom
Lair:2:   layout_concentric_octagons, minmay_swamp_entry_worms,
          serial_bayou_shore_a, uniq_prince_ribbit2
Lair:3:   layout_long_grid, minmay_snake_entry_guardpost_medium,
          kennysheep_snail_temple, infiniplex_staircase_pool, grunt_megastairs_2
Lair:4:   layout_regular_city, beast_lair_carwin_3
Lair:5:   grunt_lair_end_beastmaster, layout_cave_pods,
          nicolae_slime_entry_field_trip, lemuel_fruit_fields, uniq_urug
Snake:1:  layout_layer_cave, minmay_shop_star
Snake:2:  kennysheep_six_static_rooms, layout_misc_corridors, uniq_vashnia,
          uniq_donald
Snake:3:  layout_chambers, serial_library_hellmonk_big_corner,
          grunt_megastairs_1, minmay_shoptagon
Snake:4:  snake_pit_salamanders_mu, layout_basic, ebering_ghost_reflecting_pool,
          nicolae_shop_clearance
Orc:1:    layout_caves, ebering_ghost_xom, nicolae_orc_lost_temple,
          uniq_erolcha, uniq_sonja, uniq_harold
Orc:2:    st_orc_open, layout_caves, regret_index_minedec_guest_junction,
          small_statue_alley_c, mines2_lemuel
Vaults:1: nicolae_vaults_disjoint_gnomons, vaults_room_door_hall,
          nicolae_vaults_trapezoid_lopsided_4, nicolae_vaults_diamond_2,
          nicolae_vaults_specimen_jars, nicolae_vaults_trapezoid_4, v_misc_28,
          nicolae_vaults_tetromino_T_2, nicolae_vaults_closet_pinwheel_1,
          nicolae_vaults_trapezoid_4, vaults_dpeg_diagonal, v_misc_27,
          layout_vaults_big_room, serial_shops, nicolae_shop_gaudy_bauble
Vaults:2: v_misc_33, nicolae_vaults_two_Ls, v_misc_17,
          nicolae_vaults_turnstiles, vaults_mumra_minichess,
          nicolae_vaults_what_the_h, ontoclasm_vaults_decontamination,
          layout_vaults_quadrants

Skill      XL: |  1  2  3  4  5  6  7  8  9 10 11 12 13 14 15 16 17 18 19 |
---------------+----------------------------------------------------------+-----
Axes           | 3 4 5 6 8 10 11 13 14 15 16 17 18 | 18.4
Dodging        | 2 3 5 7 8 9 10 11 12 | 12.8
Armour         | 3 4 5 6 8 9 10 11 12 13 | 13.1
Fighting       | 4 5 6 7 8 9 10 11 13 14 15 17 19 20 | 20.6
Stealth        | 1 2 3 5 7 10 11 12 | 12.9
Evocations     | 1 |  1.7
Maces & Flails | 4 |  4.6
Throwing       | 1 |  1.4
Shields        | 3 5 7 |  7.9

Action                     |  1- 3 |  4- 6 |  7- 9 | 10-12 | 13-15 | 16-18 | 19-21 || total
---------------------------+-------+-------+-------+-------+-------+-------+-------++-------
  Melee: Hand axe          |   121 |   132 |   334 |   511 |   952 |  1262 |   167 ||  3479
         Punch             |     1 |     1 |     6 |     9 |    25 |    28 |     3 ||    73
         Flail             |       |       |       |   112 |    20 |       |       ||   132
         Broad axe         |       |       |       |       |    30 |       |       ||    30
  Throw: Dart              |       |       |       |     4 |     2 |     1 |     2 ||     9
 Invoke: Berserk           |       |     4 |     2 |    15 |    10 |    18 |     3 ||    52
         Trog's Hand       |       |       |     1 |    10 |    12 |    14 |     3 ||    40
         Brothers in Arms  |       |       |       |     5 |     7 |     8 |     1 ||    21
  Evoke: Wand              |       |       |       |     7 |       |     4 |       ||    11
    Use: Scroll            |     4 |     5 |    12 |    12 |     6 |    14 |       ||    53
         Potion            |       |       |     1 |     1 |     7 |     4 |     4 ||    17
   Stab: Sleeping          |     1 |       |       |     8 |    27 |    19 |     4 ||    59
         Paralysed         |       |       |       |     3 |       |       |       ||     3
         Distracted        |       |       |       |     1 |     2 |     1 |       ||     4
         Petrified         |       |       |       |       |     4 |       |       ||     4
 Armour: Animal skin       |    19 |       |       |       |       |       |       ||    19
         Ring mail         |    12 |       |       |       |       |       |       ||    12
         Chain mail        |    53 |    83 |   282 |   195 |       |       |       ||   613
         Steam dragon scal |       |       |       |   380 |   326 |       |       ||   706
         Scale mail        |       |       |       |       |   354 |   940 |   143 ||  1437
  Dodge: Dodged            |    89 |    78 |   197 |   645 |   858 |   993 |   122 ||  2982
  Block: Other             |       |       |       |       |       |   246 |    27 ||   273
         Reflection        |       |       |       |       |       |    22 |     1 ||    23

Table legend: (Time is in decaauts)
 A = Elapsed time spent in this place.
 B = Non-inter-level travel time spent in this place.
 C = Inter-level travel time spent in this place.
 D = Time resting spent in this place.
 E = Time spent auto-exploring this place.
 F = Levels seen in this place.
 G = Mean time per level.
                   A        B        C        D        E       F      G
               +--------+--------+--------+--------+--------+-----+--------+
         Total |  33443 |  31794 |   1649 |   3433 |  21151 |  30 | 1114.8 |
       Dungeon |  14453 |  13497 |    956 |    566 |   9597 |  15 |  963.5 |
          Lair |   5460 |   5099 |    361 |     50 |   3821 |   5 | 1092.0 |
     Snake Pit |   7754 |   7549 |    205 |   1604 |   4537 |   4 | 1938.5 |
  Orcish Mines |   1872 |   1787 |     85 |    231 |   1155 |   2 |  936.0 |
        Vaults |   3254 |   3214 |     40 |    795 |   1814 |   2 | 1627.0 |
         Abyss |     64 |     64 |      0 |      0 |     36 |   1 |   64.0 |
        Bailey |    584 |    584 |      0 |    185 |    190 |   1 |  584.0 |
               +--------+--------+--------+--------+--------+-----+--------+

Top non-repeatable levels by time:
 Snake:4: 2808 daAuts
 Snake:3: 2180 daAuts
    D:11: 2116 daAuts
Vaults:1: 1847 daAuts
 Snake:2: 1474 daAuts
Vaults:2: 1406 daAuts
  Lair:3: 1304 daAuts
     D:4: 1298 daAuts
 Snake:1: 1292 daAuts
  Lair:5: 1199 daAuts
    D:10: 1173 daAuts
  Lair:2: 1110 daAuts
     D:5: 1051 daAuts
   Orc:1: 1031 daAuts
    D:15: 999 daAuts
